AoeStats
← OK,OK

Arena

509361752Analyzed
3v3 RM · 4d ago on Sep 26, 2026· 47m 16s· 6 players
Game mode
Random Map
Map size
Normal (6 player)
Population
200
Speed
Normal
Resources
Standard
Victory
Conquest
Starting age
Dark Age
Ending age
Imperial Age
RankedLock teamsTeams togetherTeam positionsShared explorationLock speedFull tech treeHidden civsTurbo modeCheats
Victory
Defeat
🇹🇼 Koreans · Taiwan
920
+14
🇦🇷 Spanish · Argentina
884
+15
🇨🇳 Khitans · China
829
+18
🇹🇷 Huns · Türkiye
932
-19
🇹🇷 Britons · Türkiye
853
-15
🇹🇷 Turks · Türkiye
817
-13
Dank
1:14 Loom
10:46 Feudal Age
16:12 Castle Age
21:03 Fletching
28:09 Wheelbarrow
28:15 Gold Mining
28:31 Double-Bit Axe
29:32 Bow Saw
30:52 Hand Cart
32:36 Bodkin Arrow
32:28 Horse Collar
36:14 Imperial Age
36:16 Cavalier
37:34 Bloodlines
37:24 Husbandry
37:07 Capped Ram
38:15 Paladin
41:07 Scale Barding Armor
42:09 Forging
43:46 Iron Casting
44:25 Chain Barding Armor
44:12 Heavy Plow
46:10 Plate Barding Armor
46:36 Blast Furnace
45:14 Light Cavalry
46:18 Scale Mail Armor
隆隆
9:53 Feudal Age
10:19 Double-Bit Axe
10:28 Horse Collar
16:17 Loom
18:53 Castle Age
19:55 Bow Saw
21:18 Gold Mining
21:18 Stone Mining
22:40 Fletching
23:44 Heavy Plow
26:14 Wheelbarrow
28:02 Scale Barding Armor
29:13 Husbandry
29:12 Bodkin Arrow
30:16 Chain Barding Armor
30:35 Hand Cart
31:05 Gold Shaft Mining
30:52 Caravan
31:40 Eupseong
35:30 Imperial Age
35:45 Forging
36:30 Shinkichon
36:32 Conscription
35:34 Elite War Wagon
36:20 Bracer
37:24 Chemistry
38:38 Stone Shaft Mining
38:41 Siege Engineers
38:17 Treadmill Crane
38:58 Ballistics
39:19 Iron Casting
38:45 Scale Mail Armor
OK,OK
2:10 Loom
10:19 Feudal Age
10:47 Double-Bit Axe
12:26 Forging
12:22 Domestication
20:39 Castle Age
19:50 Stone Mining
20:03 Fletching
21:58 Elite Skirmisher
23:24 Bow Saw
23:52 Pastoralism
25:43 Light Cavalry
26:58 Husbandry
27:40 Bodkin Arrow
28:57 Gold Mining
31:08 Iron Casting
32:50 Padded Archer Armor
33:48 Wheelbarrow
33:30 Scale Mail Armor
37:58 Imperial Age
37:03 Leather Archer Armor
37:09 Chain Mail Armor
37:16 Hand Cart
38:36 Lamellar Armor
40:23 Two-Man Saw
39:57 Transhumance
40:26 Scale Barding Armor
40:21 Town Watch
41:16 Ballistics
41:47 Conscription
42:02 Chain Barding Armor
44:11 Elite Liao Dao
45:01 Lamellar Armor
45:32 Plate Mail Armor
46:49 Siege Engineers
teo-mann
15:29 Feudal Age
22:35 Castle Age
21:53 Double-Bit Axe
29:26 Horse Collar
32:15 Heavy Plow
37:55 Imperial Age
37:05 Forging
37:02 Scale Barding Armor
36:27 Pikeman
42:24 Cavalier
NJSY
11:08 Feudal Age
11:39 Double-Bit Axe
11:36 Horse Collar
14:50 Loom
16:11 Wheelbarrow
18:46 Castle Age
17:17 Fletching
18:10 Padded Archer Armor
18:45 Gold Mining
19:32 Bodkin Arrow
19:53 Leather Archer Armor
20:45 Bow Saw
24:41 Leather Archer Armor
25:36 Husbandry
26:33 Bloodlines
28:01 Scale Barding Armor
28:45 Hand Cart
33:48 Imperial Age
36:25 Ballistics
36:12 Thumb Ring
36:11 Bracer
36:42 Ring Archer Armor
37:57 Masonry
39:08 Two-Man Saw
39:19 Fortified Wall
Heeliios
13:27 Feudal Age
23:57 Castle Age
21:47 Double-Bit Axe
22:50 Fletching
23:35 Padded Archer Armor
31:54 Horse Collar
35:49 Imperial Age
40:42 Pikeman
41:54 Leather Archer Armor
41:50 Forging
42:04 Ballistics
44:24 Chemistry
Connection lost

Rejoining the realm…

Still unreachable

The connection could not be restored.

Session expired

The server has moved on; the page needs a fresh start.